Map: Rifts to Korhal

Players

NamroodTuo

  • Race: Terran Terran
  • Spawn Location: 7:00

Grolash

  • Race: Protoss Protoss
  • Spawn Location: 7:00

VOD

Have the link to the VOD?

Description

Time

  • Played on: April 18, 2023, 9:10 a.m.
  • Length: 22:52
Show
View Real Time Build Order
Export as new Build Order

NamroodTuo Terran 

Build Orders:  

Get SALT Encoding   

  12  0:04  SCV  
  13  0:18  SCV  
  14  0:31  SCV  
  15  0:46  Supply Depot  
  15  0:58  SCV  
  16  1:12  SCV  
  16  1:14  Factory  
  17  1:25  SCV  
  17  1:26  Refinery  
  18  1:31  Refinery  
  18  1:39  SCV  
  19  1:53  SCV  
  20  2:13  Hellbat  
  22  2:30  Supply Depot  
  22  2:41  Hellbat  
  24  2:54  Supply Depot  
  24  3:05  Hellbat  
  24  3:07  Supply Depot  
  24  3:32  Supply Depot  
  24  3:55  Perdition Turret  
  24  3:57  Perdition Turret  
  24  4:08  Devastation Turret  
  24  4:09  SCV  
  24  4:17  Devastation Turret  
  25  4:23  SCV  
  26  4:36  SCV  
  26  4:39  Perdition Turret  
  27  4:40  Perdition Turret  
  27  4:50  SCV  
  28  5:03  SCV  
  29  5:17  SCV  
  30  5:24  Armory  
  30  5:28  Engineering Bay  
  30  5:31  SCV  
  31  5:53  Starport  
  31  5:58  SCV  
  32  6:01  Perdition Turret x2  
  32  6:02  Perdition Turret  
  32  6:04  Perdition Turret x2  
  32  6:05  Perdition Turret  
  32  6:11  SCV  
  33  6:25  SCV  
  34  6:45  Command Center  
  34  6:47  Upgrade Laser Drill Level 1  
  34  6:55  Starport Tech Reactor  
  34  7:00  SCV, Starport  
  35  7:13  SCV  
  36  7:27  SCV  
  37  7:37  Wraith  
  39  7:48  SCV  
  40  8:02  SCV  
  40  8:08  SCV  
  42  8:15  SCV  
  43  8:22  SCV  
  43  8:23  Science Vessel  
  46  8:35  SCV  
  47  8:49  SCV  
  48  9:11  Advanced Optics  
  48  9:21  Upgrade Laser Drill Level 2  
  48  9:23  SCV  
  49  9:30  Refinery  
  49  9:34  Refinery  
  49  9:37  SCV  
  50  9:50  SCV  
  50  9:53  Wraith  
  55  10:04  SCV, Starport Tech Reactor  
  55  10:07  Pulse Amplifier  
  56  10:17  SCV  
  56  10:18  Wraith  
  57  10:20  Wraith  
  59  10:30  Wraith  
  59  10:31  SCV  
  59  10:33  Wraith  
  64  10:45  SCV  
  65  10:57  Supply Depot  
  65  10:58  SCV  
  66  11:11  Regenerative Bio-Steel  
  66  11:12  SCV  
  66  11:13  Wraith  
  66  11:14  Wraith, Supply Depot  
  66  11:15  Wraith  
  73  11:23  Wraith  
  73  11:25  SCV  
  76  11:39  SCV  
  77  11:52  SCV  
  78  12:06  SCV  
  79  12:19  SCV  
  68  12:30  Wraith x2  
  68  12:31  Wraith x2  
  68  12:33  SCV  
  77  12:41  Terran Vehicle And Ship Armor Level 1  
  77  12:46  Supply Depot  
  77  12:49  Fire-Suppression Systems  
  77  13:08  Supply Depot  
  77  13:10  Wraith x2  
  77  13:11  Wraith x2  
  85  13:24  Supply Depot  
  85  13:43  Supply Depot  
  85  13:49  KMC Auto-Loaders  
  85  13:50  Science Vessel x2  
  85  13:51  Science Vessel x2  
  93  14:01  Supply Depot  
  91  14:18  Supply Depot  
  91  14:38  Wraith x2  
  91  14:39  Wraith x2  
  99  15:18  Wraith x3, Displacement Field  
  99  15:19  Wraith  
  107  15:21  Improved Nano-Repair, Terran Vehicle and Ship Weapons Level 1  
  107  15:58  Wraith x3  
  107  15:59  Wraith  
  115  16:18  Defensive Matrix  
  115  16:38  Science Vessel x2, Wraith  
  115  16:39  Wraith  
  123  16:53  Supply Depot  
  123  17:18  Wraith x2, Supply Depot  
  127  17:26  Science Vessel x2  
  129  17:41  Supply Depot  
  129  17:58  Science Vessel x2  
  133  18:01  Terran Vehicle And Ship Armor Level 2, Supply Depot  
  133  18:09  Supply Depot  
  133  18:11  Supply Depot  
  133  18:14  Science Vessel  
  135  18:22  Supply Depot  
  135  18:29  Supply Depot  
  135  18:44  Supply Depot  
  135  18:45  Supply Depot  
  133  18:51  Supply Depot  
  133  19:15  Supply Depot  
  133  19:17  Supply Depot  
  133  19:32  Science Vessel x2, Wraith  
  133  19:33  Wraith  
  141  20:12  Wraith  
  141  20:13  Wraith  
  123  20:20  Wraith x2  
  149  20:52  Wraith x2  
  149  20:59  Wraith  
  153  21:00  Wraith  
  157  21:32  Wraith x2  
  157  21:39  Wraith  
  163  21:40  Science Vessel  
Show
View Real Time Build Order
Export as new Build Order

Grolash Protoss 

Build Orders:  

Get SALT Encoding   

  12  0:03  Probe (Chrono Boost)  
  13  0:17  Probe (Chrono Boost)  
  14  0:26  Pylon  
  14  0:31  Probe (Chrono Boost)  
  15  0:45  Assimilator  
  15  0:51  Probe (Chrono Boost)  
  15  0:56  Assimilator  
  16  1:05  Probe (Chrono Boost)  
  17  1:18  Probe (Chrono Boost), Pylon  
  18  1:32  Probe (Chrono Boost)  
  18  1:35  Gateway  
  19  1:46  Probe (Chrono Boost)  
  20  2:00  Probe (Chrono Boost)  
  20  2:02  Gateway  
  21  2:14  Probe (Chrono Boost)  
  22  2:28  Probe (Chrono Boost)  
  23  2:41  Supplicant x2  
  23  2:42  Probe (Chrono Boost)  
  28  2:56  Probe (Chrono Boost), Cybernetics Core  
  29  3:09  Probe (Chrono Boost)  
  29  3:10  Pylon  
  30  3:23  Probe (Chrono Boost)  
  31  3:42  Warp Gate  
  31  3:45  Forge  
  32  3:51  Probe (Chrono Boost)  
  32  3:59  Supplicant x2  
  36  4:14  Pylon  
  36  4:21  Pylon  
  36  4:28  Havoc  
  37  4:32  Protoss Air Weapons Level 1, Protoss Ground Weapons Level 1  
  37  5:40  Cloaking Module  
  37  5:52  Nexus  
  37  5:56  Assimilator  
  37  6:00  Death Council  
  37  6:01  Assimilator  
  37  6:05  Pylon  
  37  6:06  Robotics Facility  
  37  6:10  Pylon  
  37  6:12  Robotics Facility  
  37  7:01  Soul Augmentation  
  37  7:10  Ascendant Archives  
  37  7:14  Robotics Bay  
  37  7:28  Probe (Chrono Boost)  
  38  7:32  Probe (Chrono Boost)  
  39  7:42  Probe (Chrono Boost)  
  39  7:45  Probe (Chrono Boost)  
  41  7:54  Havoc  
  41  7:55  Probe (Chrono Boost), Supplicant x2  
  41  7:59  Probe (Chrono Boost)  
  48  8:13  Protoss Ground Weapons Level 2, Protoss Air Weapons Level 2  
  48  8:22  Vanguard  
  48  8:29  Aerial Tracking  
  52  8:30  Blood Shields  
  52  8:38  Power Overwhelming  
  52  9:09  Probe (Chrono Boost)  
  52  9:10  Pylon  
  52  9:12  Pylon  
  52  9:15  Probe (Chrono Boost)  
  52  9:16  Pylon  
  54  9:23  Probe (Chrono Boost)  
  54  9:29  Probe (Chrono Boost)  
  55  9:36  Ascendant  
  55  9:37  Probe (Chrono Boost), Ascendant  
  61  9:46  Probe (Chrono Boost)  
  62  9:51  Probe (Chrono Boost)  
  59  10:00  Probe (Chrono Boost)  
  59  10:05  Probe (Chrono Boost)  
  61  10:11  Wraithwalker  
  61  10:16  Probe (Chrono Boost)  
  68  10:20  Probe (Chrono Boost)  
  69  10:30  Probe (Chrono Boost)  
  69  10:34  Probe (Chrono Boost)  
  71  10:44  Probe (Chrono Boost)  
  71  10:48  Probe (Chrono Boost), Rapid Power Cycling  
  73  10:54  Protoss Shields Level 1  
  73  10:59  Probe (Chrono Boost)  
  74  11:03  Probe (Chrono Boost)  
  75  11:16  Probe (Chrono Boost)  
  77  11:20  Probe (Chrono Boost), Ascendant x2  
  81  11:37  Probe (Chrono Boost), Fusion Mortars  
  82  11:41  Pylon  
  82  11:45  Pylon  
  82  11:52  Pylon  
  82  12:26  Matter Dispersion  
  82  12:32  Supplicant x4  
  90  12:43  Gateway  
  90  12:44  Gateway  
  90  12:47  Gateway  
  90  12:49  Vanguard x2  
  98  12:51  Gateway  
  98  12:57  Detect Weakness  
  98  13:07  Supplicant x2  
  98  13:08  Supplicant x2  
  98  13:09  Protoss Air Weapons Level 3, Protoss Ground Weapons Level 3  
  90  14:27  Bloodshard Resonance  
  88  14:43  Supplicant x4  
  88  14:44  Supplicant x6  
  88  14:46  Supplicant x2  
  112  14:54  Vanguard  
  112  14:55  Vanguard  
  120  15:30  Ascendant  
  120  15:31  Ascendant x3  
  120  15:32  Ascendant  
  120  15:33  Ascendant  
  132  15:48  Pylon  
  132  15:51  Pylon  
  132  15:53  Wraithwalker x2, Pylon  
  132  15:57  Pylon  
  132  16:00  Pylon  
  132  16:04  Pylon  
  124  16:19  Supplicant x2  
  128  16:20  Supplicant x8  
  128  16:22  Supplicant x2  
  148  16:42  Pylon  
  148  16:45  Pylon  
  148  16:49  Pylon  
  148  17:38  Mind Blast  
  140  18:01  Supplicant x2  
  140  18:02  Supplicant x8  
  140  18:03  Supplicant x2  
  158  18:23  Protoss Shields Level 2  
  158  18:38  Chaotic Attunement  
  152  19:31  Wraithwalker x2  
  164  19:51  Ascendant x2  
  164  19:52  Ascendant  
  164  19:53  Supplicant x4  
  164  19:54  Supplicant x2  
  176  20:32  Wraithwalker  
  176  20:33  Wraithwalker  
Tags
 
Commander
AlarakSwann
Matchup
Co-op
Replay Pack
Multiplayer
Add a new tag
Caveats
  • Supply blocks, unpowered buildings, or Contaminate may cause inaccurate times.
  • Supply counts are checked every 10 seconds.